 Seeded DCSS version 0.28-a0-1312-g71652a0310 (webtiles) character file.

Game seed: 12130800008223909736 (custom seed)

6209 croobank the Arsonist (level 10, -13/72 HPs)
             Began as an Octopode Cinder Acolyte on Dec 28, 2021.
             Was an Elder of Ignis.
             Mangled by a centaur warrior zombie (17 damage)
             ... summoned by the player character
             ... on level 10 of the Dungeon.
             The game lasted 01:09:27 (13280 turns).

croobank the Arsonist (Octopode Cinder Acolyte)    Turns: 13280, Time: 01:09:27

Health: -13/72     AC:  1    Str: 22    XL:     10   Next: 92%
Magic:  18/20      EV: 12    Int: 19    God:    Ignis [****..]
Gold:   418        SH:  4    Dex:  7    Spells: 9/23 levels left

rFire   + . .      SeeInvis .   a - +0 trident
rCold   . . .      Faith    .   R - +0 buckler
rNeg    . . .      Spirit   .   (helmet restricted)
rPois   .          Reflect  .   y - amulet of magic regeneration
rElec   .          Harm     .   c - ring of wizardry
rCorr   .          Rampage  .   S - +6 ring of strength
Will    .....                   U - ring of wizardry
Stlth   ++........              T - +4 ring of slaying
HPRegen 0.22/turn               (no ring)
MPRegen 0.57/turn               (no ring)
                                (no ring)
                                (no ring)

@: hasted, very quick
A: almost no armour, amphibious, 8 rings, camouflage 1, gelatinous body 1,
(nimble swimmer 1), tentacles
a: Renounce Religion, Fiery Armour, Foxfire Swarm, Rising Flame


You were on level 10 of the Dungeon.
You worshipped Ignis.
Ignis was greatly pleased with you.
You visited 1 branch of the dungeon, and saw 10 of its levels.
You also visited: Ossuary.

You collected 418 gold pieces.

Inventory:

Hand Weapons
 a - a +0 trident (weapon)
 b - a +0 hunting sling
 f - a +2 vampiric rapier
 g - a +0 mace
 p - a +0 dagger of draining
 t - a +0 short sword
 u - a -1 spear of flaming
 x - a +0 morningstar of flaming
 O - a +5 scimitar
Missiles
 d - 33 bolts
 e - 71 poisoned darts (quivered)
 o - 68 arrows
 s - 237 stones
 v - 7 boomerangs
 A - 117 sling bullets
 Q - 2 curare-tipped darts
Armour
 l - a +0 kite shield
 R - a +0 buckler (worn)
Magical Staves
 r - a staff of earth
Jewellery
 c - a ring of wizardry (left tentacle)
 y - an amulet of magic regeneration (around mantle)
 S - a +6 ring of strength (right tentacle)
 T - a +4 ring of slaying (on tentacle)
 U - a ring of wizardry (on tentacle)
Wands
 m - a wand of flame (28)
Scrolls
 h - 4 scrolls of enchant armour {enchant armour, unknown}
 i - 9 scrolls of identify {identify, unknown}
 j - 3 scrolls of vulnerability {vulnerability, unknown}
 z - a scroll of amnesia {amnesia, unknown}
 D - a scroll of fog {fog, unknown}
 E - 2 scrolls of blinking
 F - a scroll of torment {torment, unknown}
 G - 2 scrolls of magic mapping {magic mapping, unknown}
 J - 2 scrolls of summoning {summoning}
 K - 2 scrolls of brand weapon {brand weapon, unknown}
 L - 2 scrolls of teleportation
 M - a scroll of immolation {immolation, unknown}
Potions
 k - 3 potions of curing {curing}
 n - 2 potions of cancellation {cancellation, unknown}
 B - a potion of heal wounds {heal wounds}
 C - 2 potions of lignification {lignification, unknown}
 H - a potion of resistance {resistance, unknown}
 I - 2 potions of mutation {mutation, unknown}
 N - a potion of magic {magic, unknown}
 P - a potion of attraction {attraction, unknown}


   Skills:
 + Level 8.3 Fighting
 + Level 8.3 Polearms
 * Level 4.3 Shields
 + Level 7.1 Spellcasting
 + Level 8.4 Fire Magic


You had 9 spell levels left.
You knew the following spells:

 Your Spells              Type           Power      Damage    Failure   Level
a - Scorch                Fire           76%        2d9       1%          2
b - Swiftness             Air            6%         N/A       9%          3
c - Ensorcelled Hibernat  Hex/Ice        12%        N/A       4%          2
d - Passwall              Tmut/Erth      5%         N/A       4%          2
e - Fireball              Conj/Fire      11%        3d7       13%         5

Your spell library contained the following spells:

 Spells                   Type           Power      Damage    Failure   Level
 Tukima's Dance           Hex            6%         N/A       9%          3
 Iskenderun's Battlesphe  Conj           6%         2d6       54%         5
 Conjure Ball Lightning   Conj/Air       3%         3x3d6     97%         6
 Enfeeble                 Hex            3%         N/A       100%        7
 Orb of Destruction       Conj           3%         9d1       100%        7


Dungeon Overview and Level Annotations

Branches:
Dungeon (10/15)            Temple (0/1) D:4         Ossuary (visited)
   Lair: D:8-11         Orc: D:9-12

Altars:
Nemelex Xobeh
Qazlal
Xom

Shops:
D:1 *   D:2 =   D:3 !

Annotations:
D:4 1 runed translucent door, ThrustWizard's ghost, amateur DsIE
D:10 Psyche


Innate Abilities, Weirdness & Mutations

You cannot wear most types of armour.
You are amphibious.
You can wear up to eight rings at the same time.
Your skin changes colour to match your surroundings (Stealth+).
Your rubbery body absorbs attacks. (AC +1, EV +1)
((You are camouflaged when in or above water. (Stealth+)))
You have tentacles for arms and can constrict up to eight enemies at once.


Message History

Lightning courses through your vampire mosquito!!
Something hits your centaur warrior zombie.
Lightning courses through your centaur warrior zombie!
It was a potion of heal wounds {heal wounds}.
You feel much better.
Something closely misses your vampire mosquito.
You feel yourself speed up.
Something hits your centaur warrior zombie.
Your centaur warrior zombie appears confused.
Your centaur warrior zombie misses your vampire mosquito.
Your centaur warrior zombie kicks your vampire mosquito.
a - a +0 trident (weapon)
Something hits your centaur warrior zombie!
Your centaur warrior zombie seems to grow stronger.
You swap places.
Your centaur warrior zombie barely misses you.
Your centaur warrior zombie kicks you.
You hear some strange, mumbled words.
You swap places.
Your centaur warrior zombie barely misses your steam dragon.
Your centaur warrior zombie closely misses your steam dragon.
Your centaur warrior zombie hits itself.
Your centaur warrior zombie kicks itself.
Something hits you. Something burns you.
You puncture something! You miss something. Something hits you.
You barely miss something.
Your centaur warrior zombie hits you!
Your centaur warrior zombie kicks you.
Something hits you.
You feel your power leaking away.
You hit something. Your squeeze misses something.
Your centaur warrior zombie hits you!
* * * LOW HITPOINT WARNING * * *
Your centaur warrior zombie kicks you but does no damage.
You hear some strange, mumbled words.
A swirling arc of seething chaos appears!
An arc of chaos appears from out of thin air!
The arc of chaos hits you.
* * * LOW HITPOINT WARNING * * *
You swap places.
Your centaur warrior zombie hits you!
You die...

....................#
..[......#.........###
..........##(........#
....(.................
.....................#
##...###..........####
...... #.....##......##
...#..##.##.D##..#.....
##........YY@YY..#....# .#
###..#.....yZ#y.......#
..##...###....{yY......#.#
#.......###....y...#..##
#.....#...(....†......##
##.##...[).).......[...#
#............#....##..##
##....##....##....# ....#
.........<..#............#


You could see 4 friendly yaks, a friendly steam dragon (summoned), 4 friendly
vampire mosquitoes and a friendly centaur warrior zombie (summoned, strong,
confused).

Vanquished Creatures
  A two-headed ogre (D:9)
  Maggie (D:10)
  A meliai zombie (D:10)
  Sigmund (D:3)
  A wraith (D:10)
  3 yaks (D:8)
  Eustachio (D:4)
  Duvessa (D:4)
  3 water moccasins
  2 orc warriors
  2 black bears
  An ice beast (D:8)
  3 centaurs
  2 necrophages
  An ogre (D:7)
  3 phantoms
  6 bullfrogs
  2 scorpions
  Dowan (D:4)
  A water moccasin skeleton (D:7)
  4 killer bees
  3 wights (D:8)
  5 howler monkeys
  5 centaur zombies
  A human zombie (Ossuary)
  2 hounds (D:6)
  An orc priest (D:9)
  5 orc wizards
  Ijyb (D:3)
  2 scorpion zombies (D:5)
  6 mummies
  A howler monkey zombie (D:9)
  10 adders
  A shadow imp (D:7)
  A white imp (D:8)
  An ufetubus (D:4)
  A worm (D:3)
  A dart slug (D:1)
  19 orcs
  8 ball pythons
  5 endoplasms
  4 giant cockroaches
  4 goblins
  5 hobgoblins
  4 jackals (D:4)
  4 quokkas
  6 bats
  3 frilled lizards (D:1)
  2 goblin zombies (Ossuary)
  A hobgoblin zombie (Ossuary)
  2 kobolds (D:1)
  An orc zombie (Ossuary)
  5 rats
161 creatures vanquished.

Vanquished Creatures (collateral kills)
  A two-headed ogre (D:10)
  A killer bee (D:10)
2 creatures vanquished.

Vanquished Creatures (others)
  6 foxfires (D:6)
  4 plants
10 creatures vanquished.

Grand Total: 173 creatures vanquished

Notes
Turn   | Place    | Note
-------+----------+-------------------------------------------
     0 | D:1      | croobank the Octopode Cinder Acolyte began the quest for
                  | the Orb.
     0 | D:1      | Reached XP level 1. HP: 16/16 MP: 2/2
    93 | D:1      | Reached XP level 2. HP: 20/21 MP: 3/3
    96 | D:1      | Learned a level 2 spell: Scorch
   468 | D:1      | Found Wisoshren's General Store.
   899 | D:1      | Reached XP level 3. HP: 24/26 MP: 0/5
  1483 | D:2      | Found Tueluf's Jewellery Shoppe.
  1545 | D:2      | Found a faded altar of an unknown god.
  1987 | D:3      | Found Couciofe's Distillery.
  2104 | D:3      | Reached XP level 4. HP: 31/31 MP: 1/6
  2197 | D:3      | Noticed Ijyb
  2207 | D:3      | Killed Ijyb
  2378 | D:3      | Noticed Sigmund
  2388 | D:3      | Killed Sigmund
  2389 | D:3      | Reached XP level 5. HP: 27/37 MP: 1/9
  2389 | D:3      | Reached XP level 6. HP: 32/43 MP: 1/10
  3608 | D:4      | Found a staircase to the Ecumenical Temple.
  3705 | D:4      | Noticed Eustachio
  3720 | D:4      | Killed Eustachio
  3721 | D:4      | Reached XP level 7. HP: 16/49 MP: 0/12
  3956 | D:4      | Noticed Duvessa
  3956 | D:4      | Noticed Dowan
  4370 | D:4      | Found a runed translucent door.
  4372 | D:4      | Noticed ThrustWizard's ghost (amateur DsIE)
  4631 | D:4      | Killed Duvessa
  4632 | D:4      | Reached skill level 5 in Polearms
  4632 | D:4      | Reached skill level 5 in Fire Magic
  4651 | D:4      | Killed Dowan
  4652 | D:4      | Reached skill level 5 in Fighting
  5188 | D:5      | Entered Level 5 of the Dungeon
  5569 | D:5      | Reached XP level 8. HP: 46/55 MP: 6/14
  5655 | D:5      | Found a sparkling altar of Nemelex Xobeh.
  8025 | D:6      | Reached skill level 5 in Spellcasting
  8025 | D:6      | Reached XP level 9. HP: 57/62 MP: 9/16
  9643 | D:8      | Found a stormy altar of Qazlal.
  9671 | D:8      | Learned a level 3 spell: Swiftness
  9801 | D:8      | Reached XP level 10. HP: 24/71 MP: 6/19
  9894 | D:8      | Found a sand-covered staircase.
  9903 | Ossuary  | Entered an ossuary
 10354 | D:8      | Learned a level 2 spell: Ensorcelled Hibernation
 10357 | D:8      | Learned a level 2 spell: Passwall
 10363 | D:8      | Learned a level 5 spell: Fireball
 11220 | D:9      | Noticed a two-headed ogre
 11230 | D:10     | Entered Level 10 of the Dungeon
 11250 | D:10     | Noticed Psyche
 11711 | D:9      | Reached skill level 1 in Shields
 11721 | D:9      | Killed a two-headed ogre
 11827 | D:9      | Found a shimmering altar of Xom.
 12050 | D:10     | Noticed Maggie
 12062 | D:10     | Killed Maggie
 12873 | D:10     | Noticed a two-headed ogre
 13152 | D:10     | Killed a two-headed ogre
 13280 | D:10     | Mangled by a centaur warrior zombie

Illustrated notes

Levels and vault maps discovered:
D:1:      grunt_arrival_crossed_arrows, layout_loops_ring, serial_shops, shop,
          chequers_serial_rivers_micro_b
D:2:      layout_basic, serial_shops, shop,
          shapermc_ecumenical_altar_mp_urbaneastern
D:3:      layout_loops_cross, serial_shops, shop_statue, uniq_ijyb, uniq_sigmund
D:4:      layout_basic, lemuel_temple_firewalk_a, ebering_ghost_reflecting_pool,
          uniq_eustachio, uniq_duvessa
D:5:      layout_loops_cross, mainiacjoe_overflow_paths
D:6:      layout_layer_cave, chequers_big_river, dk_noncrumbling_4
D:7:      layout_loops_corners
D:8:      layout_loops_ring, mainiacjoe_overflow_concentric_impassable,
          gup_ossuary_entry_pyramid
D:9:      layout_irregular_city, mainiacjoe_overflow_surrounded_room
D:10:     layout_cave_pools, dpeg_oklobed_lair, minmay_misc_feat_square,
          uniq_maggie, uniq_harold, uniq_psyche

Skill      XL: |  1  2  3  4  5  6  7  8  9 10 |
---------------+-------------------------------+-----
Spellcasting   | 2 3 4 5 6 7 |  7.1
Fighting       | 4 5 6 7 8 |  8.3
Polearms       | 4 5 6 7 8 |  8.3
Fire Magic     | 4 5 6 7 8 |  8.4
Shields        | 4 |  4.3

Action                   |  1- 3 |  4- 6 |  7- 9 | 10-12 || total
-------------------------+-------+-------+-------+-------++-------
Melee: Spear             |    32 |    20 |       |       ||    52
       Constrict         |     5 |     4 |     3 |     2 ||    14
       Tentacles         |       |     4 |     2 |     2 ||     8
       Trident           |       |     4 |    13 |    12 ||    29
 Fire: Hunting sling     |       |     4 |    30 |     8 ||    42
Throw: Dart              |       |    11 |     2 |       ||    13
 Cast: Scorch            |    25 |    40 |   141 |   101 ||   307
Invok: Fiery Armour      |       |       |     2 |     2 ||     4
       Foxfire Swarm     |       |       |     1 |       ||     1
  Use: Potion            |       |     2 |     6 |     7 ||    15
       Scroll            |       |       |     4 |     5 ||     9
 Stab: Sleeping          |     3 |       |       |       ||     3
Armor: Skin              |     4 |     1 |     9 |     6 ||    20
Dodge: Dodged            |    18 |    19 |    49 |    56 ||   142
Block: Buckler           |       |       |       |    14 ||    14

Table legend: (Time is in decaauts)
 A = Elapsed time spent in this place.
 B = Non-inter-level travel time spent in this place.
 C = Inter-level travel time spent in this place.
 D = Time resting spent in this place.
 E = Time spent auto-exploring this place.
 F = Levels seen in this place.
 G = Mean time per level.
                   A        B        C        D        E       F      G
               +--------+--------+--------+--------+--------+-----+--------+
         Total |  13194 |  12861 |    333 |   4465 |   6282 |  11 | 1199.5 |
       Dungeon |  12804 |  12471 |    333 |   4255 |   6262 |  10 | 1280.4 |
       Ossuary |    389 |    389 |      0 |    210 |     20 |   1 |  389.0 |
               +--------+--------+--------+--------+--------+-----+--------+

Top non-repeatable levels by time:
     D:4: 2038 daAuts
     D:9: 1785 daAuts
     D:5: 1717 daAuts
     D:6: 1517 daAuts
     D:8: 1329 daAuts
     D:3: 1128 daAuts
     D:1: 1018 daAuts
     D:7: 995 daAuts
     D:2: 980 daAuts
 Ossuary: 389 daAuts
    D:10: 293 daAuts
